 Dungeon Crawl Stone Soup version 0.22.0-75-g3901e7991e (webtiles) character file.

14620 Muumios the Basher (level 11, -6/90 HPs)
             Began as a Mummy Wanderer on Sept 15, 2018.
             Was an Initiate of Gozag.
             Mangled by a reaper
             ... wielding a +0 scythe of freezing
              (45 damage)
             ... in an ice cave.
             The game lasted 00:32:31 (11953 turns).

Muumios the Basher (Mummy Wanderer)                Turns: 11953, Time: 00:32:31

Health: -6/90      AC: 12    Str: 14    XL:     11   Next: 91%
Magic:  22/25      EV: 15    Int: 18    God:    Gozag
Gold:   227        SH:  0    Dex: 10    Spells: 20/30 levels left

rFire    . . .     SeeInvis .   p - +11 flail of the Pyrrhic Victory {flame, +Fly rC+}
rCold    + + .     Gourm    .   (no shield)
rNeg     + + +     Faith    .   u - +3 leather armour
rPois    ∞         Spirit   .   (no helmet)
rElec    .         Reflect  .   o - +2 cloak
rCorr    .         Harm     .   h - +2 pair of gloves
MR       +....                  (no boots)
Stlth    ++........             (no amulet)
HPRegen  0.25/turn              C - +2 ring of evasion
MPRegen  0.19/turn              A - ring of protection from fire

@: about to teleport
A: no food or potions, fire vulnerability, cold resistance 1, negative energy
resistance 3, torment resistance, unbreathing
a: Potion Petition, Call Merchant, Bribe Branch, Renounce Religion, Evoke Flight


You were in an ice cave.
You worshipped Gozag.
Gozag was aware of your devotion.
You were not hungry.

You visited 2 branches of the dungeon, and saw 14 of its levels.
You also visited: Ice Cave.

You collected 2328 gold pieces.
You spent 384 gold pieces at shops.
You paid 1717 gold pieces to Gozag.

Inventory:

Hand Weapons
 d - a +0 club
 e - a +0 dagger
 g - a cursed -3 dagger
 j - a +0 hunting sling
 m - a +2 broad axe of protection
 p - the +11 flail of the Pyrrhic Victory (weapon) {flame, +Fly rC+}
   (You found it on level 4 of the Dungeon)

   It has been specially enchanted to burn those struck by it, causing extra
   injury to most foes and up to half again as much damage against particularly
   susceptible opponents.
   It protects you from cold.
   It lets you fly.
 z - a +0 quick blade of freezing
Missiles
 b - 2 javelins of returning (quivered)
 c - 235 stones
 k - 5 needles of paralysis
 E - 2 throwing nets
Armour
 a - a +0 shield
 f - a +0 ring mail
 h - a +2 pair of gloves (worn)
 o - a +2 cloak (worn)
 u - a +3 leather armour (worn)
Magical Staves
 s - an uncursed staff of cold
 G - an uncursed staff of energy {unknown}
Jewellery
 t - a +3 ring of dexterity
 A - a ring of protection from fire (right hand)
 C - a +2 ring of evasion (left hand)
 F - a cursed ring of teleportation
Wands
 q - a wand of digging (6)
 r - a wand of random effects (30)
 v - a wand of paralysis (2)
 w - a wand of flame (52)
 B - a wand of iceblast (11)
Scrolls
 i - 4 scrolls of remove curse
 l - 2 scrolls of identify
 n - 2 scrolls of amnesia
 x - 4 scrolls of enchant armour
 y - 2 scrolls of teleportation
Miscellaneous
 I - a lightning rod (4/4)


   Skills:
 + Level 9.9 Fighting
 * Level 11.2 Maces & Flails
 - Level 2.4 Throwing
 - Level 1.0 Armour
 * Level 4.3 Dodging
 - Level 2.4 Stealth
 - Level 1.0 Shields
 - Level 10.0 Spellcasting


You had 20 spell levels left.
You knew the following spells:

 Your Spells              Type           Power        Failure   Level  Hunger
a - Poisonous Vapours     Pois/Air       #.....       14%         2    N/A
b - Mephitic Cloud        Conj/Pois/Air  #.......     28%         3    N/A
c - Spectral Weapon       Hex/Chrm       #.......     28%         3    N/A
d - Ensorcelled Hibernat  Hex/Ice        #.....       14%         2    N/A

Your spell library contained the following spells:

 Spells                   Type           Power        Failure   Level  Hunger
 Infusion                 Chrm           #...         10%         1    N/A
 Sting                    Conj/Pois      #...         10%         1    N/A
 Shroud of Golubria       Chrm/Tloc      #.........   14%         2    N/A
 Song of Slaying          Chrm           #.......     14%         2    N/A
 Olgreb's Toxic Radiance  Pois           #.......     67%         4    N/A
 Borgnjor's Vile Clutch   Necr/Erth      #.........   95%         5    N/A
 Silence                  Hex/Air        #.........   95%         5    N/A
 Venom Bolt               Conj/Pois      #.........   95%         5    N/A
 Darkness                 Hex            #.........   100%        6    N/A
 Shadow Creatures         Summ           N/A          100%        6    N/A
 Regeneration             Chrm/Necr      Unusable     N/A         3    N/A

Dungeon Overview and Level Annotations

Branches:
Dungeon (12/15)            Temple (0/1) D:7            Lair (2/6) D:10
    Orc (0/2) D:12
  Swamp: Lair:2-4    Shoals: Lair:2-4     Snake: Lair:2-4    Spider: Lair:2-4

Altars:
Gozag
Hepliaklqana
Kikubaaqudgha
Makhleb
Qazlal
Ru
Uskayaw
Vehumet
Xom
Zin

Shops:
D:6 [   D:7 ?   D:11 %   D:12 [

Annotations:
D:11 Harold
D:12 Snorg
Lair:1 Nergalle
Lair:2 exclusion: oklob plant


Innate Abilities, Weirdness & Mutations

You do not eat or drink.
Your flesh is vulnerable to fire.
You are immune to poison.
Your flesh is cold resistant. (rC+)
You are immune to negative energy. (rN+++)
You are immune to unholy pain and torment.
You can survive without breathing.


Message History

Press: ? - help, Shift-Dir - straight line A rock wall.
The rock shatters into small pieces.
Evoke which item? (* to show all) (? for menu, Esc to quit)
Aiming: Paralyse
Press: ? - help, Shift-Dir - straight line, f - reaper
Aim: a reaper, wielding a scythe of freezing (chance to defeat MR: 1%)
Okay, then.
Casting: Spectral Weapon (safe; 28% risk of failure)
Confirm with . or Enter, or press ? or * to list all spells.
You draw out your weapon's spirit!
The reaper hits you from afar with a scythe of freezing!!!
Ouch! That really hurt!
The reaper freezes you.
As you read the scroll of teleportation, it crumbles to dust.
You feel strangely unstable.
The reaper hits you from afar with a scythe of freezing!!!
Ouch! That really hurt!
You die...
Your body crumbles into a pile of gold.

##....##§§..§§§§.###
.....##§.####§§§§§§##
...#..§§§§§.#.§§§§§§##
..
###§.§§§.##.§§§§..## .
##§§§§§$##§§§§§..#
.$.#§≈.§§....§.##
##..#..###.....##
...#....(#..#.#
...#..2.@####.#
#......### #.# ....##
#.# #.# #.# . ####.#
#....# ######


You could see a reaper and a friendly spectral flail of the Pyrrhic Victory
{flame, +Fly rC+}.

Vanquished Creatures
  Erica (D:11)
  A two-headed ogre (D:10)
  A centaur zombie (D:10)
  2 ice statues (IceCv)
  3 spiny frogs
  A rime drake (D:12)
  A komodo dragon (D:10)
  9 ice devils (IceCv)
  Prince Ribbit (D:8)
  3 blink frogs (Lair:2)
  3 hippogriffs
  5 yaks
  3 hogs (D:9)
  A human (D:9)
  A hungry ghost (D:10)
  A warg (D:12)
  2 water moccasins
  A porcupine (Lair:1)
  3 orc warriors
  3 eyes of draining
  3 ice beasts
  8 sky beasts
  9 ogres
  A phantom (D:6)
  4 centaurs
  A crocodile (Lair:2)
  2 big kobolds
  7 bullfrogs
  4 scorpions
  A wyvern skeleton (D:8)
  6 killer bees (D:9)
  2 howler monkeys (D:6)
  4 crimson imps
  7 hounds
  3 jellies
  3 orc priests
  A quasit (D:9)
  8 orc wizards
  A bullfrog skeleton (D:10)
  Ijyb (D:4)
  4 iguanas
  12 worker ants
  Natasha (D:4)
  A howler monkey zombie (D:5)
  12 gnolls
  10 adders
  2 shadow imps
  3 white imps (IceCv)
  9 ufetubi (IceCv)
  An ooze (D:6)
  2 adder zombies (D:6)
  2 adder skeletons (D:5)
  A worm (D:4)
  3 dart slugs
  7 leopard geckos
  19 orcs
  4 ball pythons
  4 giant cockroaches
  10 goblins
  5 hobgoblins
  8 jackals
  8 quokkas
  12 bats
  5 frilled lizards
  A giant cockroach zombie (D:6)
  18 kobolds
  2 leopard gecko skeletons (D:6)
  A quokka zombie (D:6)
  9 rats
298 creatures vanquished.

Vanquished Creatures (collateral kills)
  A rime drake (D:12)
  A vampire (D:12)
2 creatures vanquished.

Vanquished Creatures (others)
  4 white imps (IceCv)
  3 ufetubi (IceCv)
  A plant (D:10)
  2 spectral weapons (IceCv)
10 creatures vanquished.

Grand Total: 310 creatures vanquished

Notes
Turn   | Place    | Note
-------+----------+-------------------------------------------
     0 | D:1      | Muumios the Mummy Wanderer began the quest for the Orb.
     0 | D:1      | Muumios set off with: a +0 shield, a +0 ring mail, a scroll
                  | of teleportation, a +0 club, a +0 dagger
     0 | D:1      | Reached XP level 1. HP: 16/16 MP: 1/1
   457 | D:1      | Reached XP level 2. HP: 14/22 MP: 2/2
   564 | D:1      | Reached skill level 2 in Maces & Flails
   986 | D:1      | Reached XP level 3. HP: 13/28 MP: 3/3
  1906 | D:3      | Reached XP level 4. HP: 34/35 MP: 4/4
  1947 | D:3      | Found an opulent altar of Gozag.
  1973 | D:3      | Became a worshipper of Gozag Ym Sagoz the Greedy
  2920 | D:4      | Reached XP level 5. HP: 27/41 MP: 5/5
  2928 | D:4      | Noticed Natasha
  3164 | D:4      | Found a hide-covered altar of Uskayaw.
  3291 | D:4      | Got an iridescent flail
  3292 | D:4      | Identified the +11 flail of the Pyrrhic Victory {flame,
                  | +Fly rC+} (You found it on level 4 of the Dungeon)
  3392 | D:4      | Noticed Ijyb
  3399 | D:4      | Killed Ijyb
  3399 | D:4      | Reached skill level 3 in Maces & Flails
  3492 | D:4      | Killed Natasha
  3492 | D:4      | Reached skill level 1 in Spellcasting
  3534 | D:4      | Noticed an ogre
  3591 | D:5      | Entered Level 5 of the Dungeon
  3609 | D:5      | Reached XP level 6. HP: 37/48 MP: 6/8
  3640 | D:5      | Learned a level 2 spell: Poisonous Vapours
  3704 | D:5      | Noticed a water moccasin
  3836 | D:5      | Noticed a sky beast
  3860 | D:5      | Reached skill level 4 in Maces & Flails
  3876 | D:5      | Reached XP level 7. HP: 44/55 MP: 9/11
  4073 | D:5      | Found a sacrificial altar of Ru.
  4087 | D:5      | Reached skill level 5 in Fighting
  4087 | D:5      | Reached skill level 5 in Maces & Flails
  4109 | D:5      | Learned a level 3 spell: Mephitic Cloud
  4303 | D:5      | Reached XP level 8. HP: 61/62 MP: 14/14
  4974 | D:6      | Reached skill level 5 in Spellcasting
  5000 | D:6      | Reached skill level 6 in Maces & Flails
  5464 | D:6      | Found a shimmering altar of Xom.
  5465 | D:6      | Found a hazy altar of Hepliaklqana.
  5466 | D:6      | Noticed a spectral ugly thing
  5519 | D:6      | Reached XP level 9. HP: 68/70 MP: 18/18
  5594 | D:7      | Reached skill level 7 in Maces & Flails
  5670 | D:7      | Found a stormy altar of Qazlal.
  6037 | D:7      | Found a staircase to the Ecumenical Temple.
  6039 | D:7      | Found a faded altar of an unknown god.
  6189 | D:7      | Found Liuran's Magic Scroll Boutique.
  6194 | D:7      | Bought 3 scrolls of enchant armour for 270 gold pieces
  6194 | D:7      | Bought a scroll of teleportation for 36 gold pieces
  6194 | D:7      | Bought a scroll of fear for 42 gold pieces
  6194 | D:7      | Bought a scroll of teleportation for 36 gold pieces
  6443 | D:8      | Noticed Prince Ribbit
  6458 | D:8      | Killed Prince Ribbit
  6458 | D:8      | Reached skill level 8 in Maces & Flails
  6761 | D:8      | Found an ancient bone altar of Kikubaaqudgha.
  7166 | D:9      | Reached XP level 10. HP: 80/80 MP: 22/22
  7407 | D:9      | Noticed a blizzard demon
  7408 | D:9      | Found a burning altar of Makhleb.
  7411 | D:9      | Found a glowing silver altar of Zin.
  7411 | D:9      | Noticed an angel
  7766 | D:9      | Reached skill level 9 in Maces & Flails
  8170 | D:9      | Found a radiant altar of Vehumet.
  8255 | D:10     | Entered Level 10 of the Dungeon
  8515 | D:10     | Noticed a two-headed ogre
  8530 | D:10     | Killed a two-headed ogre
  8618 | D:10     | Reached skill level 10 in Maces & Flails
  9161 | D:10     | Reached XP level 11. HP: 74/89 MP: 24/24
  9291 | D:10     | Found a staircase to the Lair.
  9347 | D:11     | Noticed a two-headed ogre
  9367 | Lair:1   | Entered Level 1 of the Lair of Beasts
  9414 | Lair:1   | Learned a level 3 spell: Spectral Weapon
  9541 | Lair:1   | Noticed Nergalle
  9668 | Lair:2   | Noticed an oklob plant
  9765 | Lair:2   | Reached skill level 10 in Spellcasting
  9820 | Lair:2   | Reached skill level 1 in Dodging
 10181 | D:11     | Found Mesouleb's Food Boutique.
 10181 | D:11     | Noticed Erica
 10199 | D:11     | Killed Erica
 10260 | D:11     | Noticed Harold
 10346 | D:12     | Found a staircase to the Orcish Mines.
 10346 | D:12     | Noticed a red ugly thing
 10377 | D:12     | Noticed a two-headed ogre
 10377 | D:12     | Noticed a two-headed ogre
 10377 | D:12     | Noticed a four-headed hydra
 10377 | D:12     | Noticed a two-headed ogre
 10378 | D:12     | Noticed a deep elf mage
 10448 | D:12     | Noticed Snorg
 10516 | D:12     | Found Toukla's Antique Armour Emporium.
 10538 | D:12     | Found a frozen archway.
 10692 | IceCv    | Entered an ice cave
 10964 | IceCv    | Reached skill level 11 in Maces & Flails
 11345 | IceCv    | Learned a level 2 spell: Ensorcelled Hibernation
 11847 | IceCv    | Noticed a reaper
 11953 | IceCv    | Mangled by a reaper

Skill      XL: |  1  2  3  4  5  6  7  8  9 10 11 |
---------------+----------------------------------+-----
Maces & Flails | 2 3 4 5 6 8 10 11 | 11.2
Fighting       | 3 4 5 6 7 9 |  9.9
Throwing       | 2 |  2.4
Spellcasting   | 1 2 4 6 8 9 10 | 10.0
Dodging        | 4 |  4.3
Armour         | |  1.0
Stealth        | |  2.4
Shields        | |  1.0

Action                   |  1- 3 |  4- 6 |  7- 9 | 10-12 || total
-------------------------+-------+-------+-------+-------++-------
Melee: Club              |   254 |   150 |       |       ||   404
       Flail             |       |    54 |   216 |   303 ||   573
Throw: Javelin           |     8 |    32 |     2 |     3 ||    45
 Cast: Mephitic Cloud    |       |       |     3 |    31 ||    34
       Poisonous Vapours |       |       |       |     1 ||     1
       Spectral Weapon   |       |       |       |    12 ||    12
Invok: Potion Petition   |       |     1 |       |     3 ||     4
       Call Merchant     |       |       |     1 |       ||     1
Evoke: Wand              |       |       |    11 |     7 ||    18
       Lightning rod     |       |       |       |     1 ||     1
  Use: Scroll            |     2 |     6 |     8 |    11 ||    27
 Stab: Sleeping          |     1 |     6 |     3 |     5 ||    15
       Distracted        |       |     1 |     2 |     2 ||     5
       Invisible         |       |     2 |       |       ||     2
       Paralysed         |       |       |     6 |       ||     6
       Confused          |       |       |       |     8 ||     8
Armor: Ring mail         |   158 |   107 |    20 |       ||   285
       Leather armour    |       |       |    71 |    81 ||   152
Dodge: Dodged            |   163 |   142 |    79 |   135 ||   519
